 Dungeon Crawl Stone Soup version 0.22.0-38-g04b72b8c25 (webtiles) character file.

137 Zhakir the Skirmisher (level 5, 0/49 HPs)
             Began as a Naga Warper on Aug 29, 2018.
             Slain by an adder (3 damage)
             ... on level 3 of the Dungeon.
             The game lasted 00:20:26 (3174 turns).

Zhakir the Skirmisher (Naga Warper)                 Turns: 3174, Time: 00:20:27

Health: 0/49       AC:  3    Str: 15    XL:     5   Next: 20%
Magic:  8/8        EV: 10    Int: 13    God:
Gold:   111        SH:  0    Dex: 10    Spells: 8/8 levels left

rFire    . . .     SeeInvis +   a - +0 mace
rCold    . . .     Gourm    .   (no shield)
rNeg     . . .     Faith    .   b - +0 leather armour
rPois    +         Spirit   .   (no helmet)
rElec    .         Reflect  .   (no cloak)
rCorr    .         Harm     .   (no gloves)
MR       +....                  (no barding)
Stlth    +.........             n - amulet of the acrobat
HPRegen  0.16/turn              h - ring of protection from magic
MPRegen  0.11/turn              (no ring)

@: very slow
A: large, see invisible, deformed body, poison resistance, slowness 2, slow
metabolism 1, spit poison 1, AC +1
a: Spit Poison


You were on level 3 of the Dungeon.
You were not hungry.

You visited 1 branch of the dungeon, and saw 4 of its levels.

You collected 111 gold pieces.

Inventory:

Hand Weapons
 a - a +0 mace (weapon)
 g - a +3 whip
Armour
 b - a +0 leather armour (worn)
Jewellery
 d - an uncursed amulet of magic regeneration
 h - a ring of protection from magic (left hand)
 n - an amulet of the acrobat (around neck)
Wands
 c - a wand of clouds (4)
 o - a wand of enslavement (4)
Scrolls
 i - a scroll of enchant weapon {unknown}
 j - a scroll of fear {unknown}
 l - a scroll of teleportation {unknown}
 m - 3 scrolls of remove curse
Potions
 k - a potion of curing {unknown}
 q - a potion of invisibility {unknown}
Comestibles
 f - 7 rations
 r - 4 chunks of flesh


   Skills:
 + Level 3.3 Fighting
 + Level 3.2 Maces & Flails
 - Level 0.8 Throwing
 - Level 1.1 Armour
 + Level 2.6 Dodging
 - Level 2.1 Spellcasting
   Level 3.0 Translocations


You had 8 spell levels left.
You didn't know any spells.
Your spell library contained the following spells:

 Spells                   Type           Power        Failure   Level  Hunger
 Blink                    Tloc           N/A          14%         2    ###....
 Shroud of Golubria       Chrm/Tloc      #.........   26%         2    ###....
 Gell's Gravitas          Tloc           #.........   26%         3    ####...
 Lesser Beckoning         Tloc           #.........   26%         3    ####...
 Teleport Other           Tloc           #.......     26%         3    ####...
 Passage of Golubria      Tloc           N/A          65%         4    #####..


Dungeon Overview and Level Annotations

Branches:
Dungeon (4/15)
 Temple: D:4-7

Altars:


Innate Abilities, Weirdness & Mutations

You cannot wear boots.
Your serpentine skin is tough. (AC +1)
You have supernaturally acute eyesight. (SInv)
Armour fits poorly on your strangely shaped body.
Your system is resistant to poisons. (rPois)
You cover ground very slowly.
You have a slow metabolism.
You can spit poison.


Message History

* * * LOW HITPOINT WARNING * * *
Throwing (i - inventory)
e - 3 tomahawks of dispersal (quivered)
Press: ? - help, Shift-Dir - straight line, f/p - adder
Aim: an adder (lightly wounded)
You throw a tomahawk of dispersal.
The tomahawk of dispersal misses the adder.
The adder bites you but does no damage. x2
Throwing (i - inventory)
e - 2 tomahawks of dispersal (quivered)
Press: ? - help, Shift-Dir - straight line, f/p - adder
Aim: an adder (lightly wounded)
You throw a tomahawk of dispersal.
The tomahawk of dispersal barely misses the adder.
The adder barely misses you.
Throwing (i - inventory)
e - a tomahawk of dispersal (quivered)
Press: ? - help, Shift-Dir - straight line, f/p - adder
Aim: an adder (lightly wounded)
You throw a tomahawk of dispersal.
The tomahawk of dispersal closely misses the adder.
The adder bites you.
You die...

#.# # #.# ....# #.# ###.#
######.###################
..
................>...).....[
#
###########################
##...## .. ##.....## #..
#.....@.# #.. #.....S.# #..
#.. #.......# #..
#..#####.....## #.. #
#....####..รท## #.. #
#.......##'###### ####'## #
#....##........... .......
#....##........... .......
####.##........... .......


You could see an adder.

Vanquished Creatures
  A worker ant (D:2)
  A gnoll (D:3)
  4 adders (D:2)
  2 dart slugs
  A leopard gecko (D:3)
  An orc (D:3)
  4 bats
  3 giant cockroaches
  9 goblins
  9 hobgoblins
  4 jackals (D:1)
  A quokka (D:3)
  2 ball pythons
  5 frilled lizards
  7 kobolds
  8 rats
62 creatures vanquished.

Vanquished Creatures (others)
  A gnoll (D:3)
1 creature vanquished.

Grand Total: 63 creatures vanquished

Notes
Turn   | Place    | Note
-------+----------+-------------------------------------------
     0 | D:1      | Zhakir the Naga Warper began the quest for the Orb.
     0 | D:1      | Reached XP level 1. HP: 19/19 MP: 3/3
    23 | D:1      | Reached skill level 1 in Armour
   208 | D:1      | Reached XP level 2. HP: 11/26 MP: 5/5
   737 | D:1      | Reached XP level 3. HP: 26/33 MP: 6/6
  1050 | D:2      | HP: 1/33 [poisoned by an adder]
  1563 | D:2      | Reached XP level 4. HP: 33/40 MP: 7/7
  2547 | D:3      | Reached XP level 5. HP: 47/49 MP: 8/8
  3171 | D:3      | HP: 2/49 [adder (1)]
  3174 | D:3      | Slain by an adder

Skill      XL: |  1  2  3  4 |
---------------+-------------+-----
Armour         | 1 |  1.1
Dodging        | 2 |  2.6
Fighting       | 3 |  3.3
Maces & Flails | 3 |  3.2
Throwing       | |  0.8
Spellcasting   | |  2.1
Translocations | |  3.0

Action                   |  1- 3 |  4- 6 || total
-------------------------+-------+-------++-------
Melee: Mace              |   121 |   113 ||   234
Throw: Tomahawk          |     1 |     4 ||     5
 Abil: Spit Poison       |     1 |       ||     1
Evoke: Wand              |       |     4 ||     4
  Use: Scroll            |     5 |     2 ||     7
       Potion            |     1 |       ||     1
  Eat: Ration            |     1 |       ||     1
       Chunk             |       |     2 ||     2
Armor: Leather armour    |    17 |    30 ||    47
Dodge: Dodged            |    69 |    91 ||   160
